 Dungeon Crawl Stone Soup version 0.32-a0-859-gb0a091d592 (webtiles) character file.

Game seed: 382657207933516877

6 Alarak the Vexing (level 1, -5/13 HPs)
             Began as a Vampire Enchanter on Mar 27, 2024.
             Slain by a goblin
             ... wielding a +1 dagger of electrocution
              (15 damage)
             ... on level 1 of the Dungeon.
             The game lasted 00:00:44 (141 turns).

Alarak the Vexing (Vampire Enchanter)                Turns: 141, Time: 00:00:44

Health: -5/13      AC:  2    Str:  7    XL:     1   Next: 75%
Magic:  3/3        EV: 11    Int: 17    God:
Gold:   6          SH:  0    Dex: 14    Spells: 4/4 levels left

rFire   . . .        a - +1 dagger
rCold   . . .        (no shield)
rNeg    . . .        b - +0 robe
rPois   .            (no helmet)
rElec   .            (no cloak)
rCorr   .            (no gloves)
SInv    +            (no boots)
Will    .....        (no amulet)
Stlth   +++          (no ring)
HPRegen 0.42/turn    (no ring)
MPRegen 0.08/turn

%: no passive effects
@: healing quickly
A: alive, fangs 3, see invisible, vampiric 1
a: Exsanguinate


You were on level 1 of the Dungeon.
You visited 1 branch of the dungeon, and saw 1 of its levels.

You collected 6 gold pieces.

Inventory:

Hand Weapons
 a - a +1 dagger (weapon)
Armour
 b - a +0 robe (worn)
Scrolls
 e - a scroll of immolation {unknown}
 f - a scroll of fog {unknown}
Potions
 c - 2 potions of invisibility
 d - a potion of cancellation {unknown}


   Skills:
 - Level 2.1 Short Blades
 - Level 2.1 Dodging
 + Level 4.4 Stealth
 - Level 2.0 Spellcasting
 - Level 4.4 Hexes


You had 4 spell levels left.
You didn't know any spells.
Your spell library contained the following spells:

 Spells                   Type           Power      Damage    Failure   Level
 Confusing Touch          Hex            16%        N/A       10%         3
 Tukima's Dance           Hex            16%        N/A       10%         3
 Ensorcelled Hibernation  Hex/Ice        18%        N/A       12%         2
 Dazzling Flash           Conj/Hex       18%        N/A       24%         3


Dungeon Overview and Level Annotations

Branches:
Dungeon (1/15)

Altars:


Innate Abilities, Weirdness & Mutations

Your natural rate of healing is accelerated.
You have razor-sharp teeth.
You have supernaturally acute eyesight. (SInv)
You are afflicted with vampirism.


Message History

You hit the kobold.
You kill the kobold!
No target in view!
Okay, then.
HP restored.
Things that are here:
a +0 dagger; a kobold corpse You see here a +0 club.
Found a sling.
A ball python comes into view.
A frilled lizard comes into view.
Found a stone staircase leading down.
The ball python hisses angrily.
You hit the ball python.
You kill the ball python!
There is a stone staircase leading down here.
The helpless frilled lizard fails to defend itself.
You puncture the frilled lizard!
You kill the frilled lizard!
Unknown command.
A bat comes into view.
A bat is nearby!
The helpless bat fails to defend itself.
You impale the bat!!
You kill the bat!
e - a scroll labelled HEOG INOMYDORCH A bat comes into view.
The helpless bat fails to defend itself.
You impale the bat!!
You kill the bat!
Your Short Blades skill increases to level 2!
f - a scroll labelled CYTHAXIPIGEA You now have 6 gold pieces.
A goblin comes into view.
It is wielding a +1 dagger of electrocution.
The goblin shouts!
You closely miss the goblin. Your bite misses the goblin.
The goblin hits you with a +1 dagger of electrocution.
You are electrocuted!
Ouch! That really hurt!
You die...

......#.###.##..# # .###.####
###......##.# ..# ...#....#
#.........# ..# #..#.##..
#......#### ..# ### #..#..###
+......# #.# #...#.###...#
##......######.# #....<....#.#
............##.##...###.#...#..
............##g## #..#######
#...........##@# #..#
#...........##.# #...
#...........##.# ###.
#...........##.# .
###.########.#.#.# ## #+
#.....# #..##...# #..# ##.#
#..# #


You could see a goblin.

Vanquished Creatures
  2 bats (D:1)
  A goblin (D:1)
  A ball python (D:1)
  A frilled lizard (D:1)
  A kobold (D:1)
6 creatures vanquished.

Notes
Turn   | Place    | Note
-------+----------+-------------------------------------------
     0 | D:1      | Alarak the Vampire Enchanter began the quest for the Orb.
     0 | D:1      | Reached XP level 1. HP: 13/13 MP: 3/3
   141 | D:1      | Slain by a goblin

Illustrated notes

Levels and vault maps discovered:
D:1:      psy_arrival_radial01, layout_basic, nrook_mini_vaults

Skill      XL: |  1 |
---------------+----+-----
Short Blades   | 2 |  2.1
Dodging        | |  2.1
Stealth        | |  4.4
Spellcasting   | |  2.0
Hexes          | |  4.4

Action                     || total
---------------------------++-------
  Melee: Dagger            ||    12
   Stab: Sleeping          ||     3
 Armour: Robe              ||     2
  Dodge: Dodged            ||     3

Table legend: (Time is in decaauts)
 A = Elapsed time spent in this place.
 B = Non-inter-level travel time spent in this place.
 C = Inter-level travel time spent in this place.
 D = Time resting spent in this place.
 E = Time spent auto-exploring this place.
 F = Levels seen in this place.
 G = Mean time per level.
                   A        B        C        D        E       F      G
               +--------+--------+--------+--------+--------+-----+--------+
         Total |    140 |    140 |      0 |      0 |     93 |   1 |  140.0 |
       Dungeon |    140 |    140 |      0 |      0 |     93 |   1 |  140.0 |
               +--------+--------+--------+--------+--------+-----+--------+

Top non-repeatable levels by time:
     D:1: 140 daAuts
